 Dungeon Crawl Stone Soup version 0.23.0-3-gf3c87f2 (webtiles) character file.

Game seed: 10470218444034531119

1292 Kairos the Insei (level 8, -4/39 HPs)
             Began as a Vine Stalker Transmuter on Feb 22, 2019.
             Was an Initiate of Cheibriados.
             Slain by a sky beast (5 damage)
             ... on level 5 of the Dungeon.
             The game lasted 00:16:24 (5654 turns).

Kairos the Insei (Vine Stalker Transmuter)          Turns: 5654, Time: 00:16:26

Health: -4/39      AC: -1    Str: 14      XL:     8   Next: 56%
Magic:  0/14       EV: 15    Int: 15      God:    Cheibriados [......]
Gold:   168        SH:  5    Dex: 16 (17) Spells: 11/14 levels left

rFire    . . .     SeeInvis .     - Unarmed
rCold    . . .     Gourm    .   i - +1 buckler {rPois}
rNeg     . . .     Faith    .   k - +0 ring mail
rPois    +         Spirit   +   m - +0 helmet
rElec    .         Reflect  .   (no cloak)
rCorr    .         Harm     .   (no gloves)
MR       +....                  (no boots)
Stlth    ++........             (no amulet)
HPRegen  0.53/turn              j - ring of wizardry
MPRegen  0.14/turn              o - +3 ring of evasion

@: corroded, very slow
A: fangs 3, regeneration 1, magic shield, antimagic bite, no potion heal 3, rot
immunity
a: Bend Time, Renounce Religion


You were on level 5 of the Dungeon.
You worshipped Cheibriados.
Cheibriados was noncommittal.
You were not hungry.

You visited 2 branches of the dungeon, and saw 7 of its levels.

You collected 168 gold pieces.

Inventory:

Missiles
 a - 133 arrows
Armour
 f - a +0 scale mail
 i - a +1 buckler of poison resistance (worn)
 k - a +0 ring mail (worn)
 m - a +0 helmet (worn)
Jewellery
 j - a ring of wizardry (left hand)
 o - a +3 ring of evasion (right hand)
 p - an uncursed ring of fire
 u - an uncursed ring of positive energy
 x - an uncursed ring of poison resistance
 y - an uncursed ring of protection from fire
Wands
 w - a wand of paralysis (4)
Scrolls
 c - 2 scrolls of magic mapping
 n - 2 scrolls of teleportation
 q - a scroll of enchant weapon
 t - 2 scrolls of amnesia
 v - a scroll of immolation
Potions
 b - 3 potions of agility {unknown}
 g - 3 potions of curing {unknown}
 h - 4 potions of berserk rage {unknown}
 l - a potion of brilliance {unknown}
 r - a potion of mutation {unknown}
 s - 2 potions of haste {unknown}
Comestibles
 d - 15 rations


   Skills:
 + Level 2.0 Fighting
 + Level 3.1 Armour
 + Level 3.4 Dodging
 + Level 3.4 Stealth
 + Level 2.1 Shields
 + Level 6.2 Unarmed Combat
 + Level 3.8 Spellcasting
 + Level 3.5 Transmutations
 + Level 0.3 Evocations


You had 11 spell levels left.
You knew the following spells:

 Your Spells              Type           Power        Failure   Level  Hunger
a - Beastly Appendage     Tmut           ##....       4%          1    None
b - Sticks to Snakes      Tmut           ##......     7%          2    ##.....

Your spell library contained the following spells:

 Spells                   Type           Power        Failure   Level  Hunger
 Summon Small Mammal      Summ           #...         19%         1    None
 Call Imp                 Summ           #.......     26%         2    ##.....
 Spider Form              Tmut/Pois      #.........   26%         3    ###....
 Call Canine Familiar     Summ           #.......     45%         3    ###....
 Summon Guardian Golem    Hex/Summ       #.......     45%         3    ###....
 Ice Form                 Ice/Tmut       #.......     63%         4    ####...
 Blade Hands              Tmut           ##........   73%         5    ######.
 Summon Ice Beast         Ice/Summ       #.......     86%         4    ####...
 Summon Lightning Spire   Summ/Air       #.......     86%         4    ####...


Dungeon Overview and Level Annotations

Branches:
Dungeon (6/15)             Temple (1/1) D:4

Altars:
Ashenzari
Cheibriados
Dithmenos
Elyvilon
Fedhas
Gozag
Hepliaklqana
Kikubaaqudgha
Makhleb
Nemelex Xobeh
Okawaru
Qazlal
Ru
Sif Muna
Trog
Uskayaw
Vehumet
Wu Jian
Xom
Yredelemnul
Zin
The Shining One

Shops:
D:5 [


Innate Abilities, Weirdness & Mutations

You have razor-sharp teeth.
Your natural rate of healing is unusually fast.
When hurt, damage is shared between your health and your magic reserves.
Your bite disrupts and absorbs the magic of your enemies.
Potions cannot restore your health.
You are immune to rotting.


Message History

As you read the scroll of fear, it crumbles to dust.
You assume a fearsome visage.
The jelly looks frightened!
A sky beast appears from thin air!
You feel sick.
There is a stone staircase leading down here.
You enter the shallow water.
Moving in this stuff is going to be slow.
Your talons disappear.
You feel sick.
The sky beast flickers out of sight!
Deactivating autopickup; reactivate with Ctrl-A.
You hit something. Your bite misses something.
You feel sick.
You are no longer poisoned.
Something hits you.
* * * LOW HITPOINT WARNING * * *
Something shocks you.
* * * LOW HITPOINT WARNING * * *
You hit something but do no damage. You bite something. Something hits you.
* * * LOW HITPOINT WARNING * * *
Something shocks you.
You die...

#.########## ###.# ##
#........# #.# ########.#
#.# #># ##.######## #.#
#.......... #≈# #..########
#.# #..# #.# #..## #@#
##...#### #{# #.......# #.#
#.....#.# #.# #....#..###
#.# ###..#...#..##
#.###..#...#...#..
#....#...#...#...#
##########..#...#...#...#..
#.........#...#...#...#...#


There were no monsters in sight!

Vanquished Creatures
  An orc warrior (D:6)
  A sky beast (D:6)
  2 centaurs
  A bullfrog (D:6)
  A howler monkey (D:6)
  A centaur zombie (D:6)
  2 crimson imps
  3 quasits (D:5)
  A jelly (D:4)
  An orc priest (D:5)
  6 orc wizards
  A centaur skeleton (D:4)
  An iguana (D:4)
  5 worker ants
  Robin (D:3)
  3 gnolls (D:6)
  8 adders
  An ooze (D:1)
  A worm (D:6)
  An adder skeleton (D:6)
  4 dart slugs
  2 leopard geckos
  13 orcs
  9 bats
  5 giant cockroaches
  12 goblins
  10 hobgoblins
  2 jackals (D:3)
  7 kobolds
  5 quokkas
  4 frilled lizards
  A leopard gecko skeleton (D:5)
  13 rats
129 creatures vanquished.

Notes
Turn   | Place    | Note
-------+----------+-------------------------------------------
     0 | D:1      | Kairos the Vine Stalker Transmuter began the quest for the
                  | Orb.
     0 | D:1      | Reached XP level 1. HP: 9/9 MP: 4/4
   488 | D:1      | Reached XP level 2. HP: 14/14 MP: 3/6
   967 | D:1      | Reached XP level 3. HP: 14/17 MP: 5/7
  1420 | D:2      | Reached skill level 1 in Fighting
  1877 | D:2      | Reached skill level 4 in Unarmed Combat
  1877 | D:2      | Gained mutation: Your natural rate of healing is unusually
                  | fast. [Vine Stalker growth]
  1877 | D:2      | Reached XP level 4. HP: 11/22 MP: 4/8
  2047 | D:2      | Reached skill level 1 in Stealth
  2656 | D:3      | Learned a level 2 spell: Sticks to Snakes
  2670 | D:3      | Noticed Robin
  2690 | D:3      | Killed Robin
  2690 | D:3      | Reached XP level 5. HP: 19/25 MP: 8/10
  3202 | D:4      | Reached skill level 1 in Armour
  3318 | D:4      | Reached skill level 1 in Shields
  3318 | D:4      | Reached XP level 6. HP: 30/30 MP: 9/11
  3485 | D:4      | Found a staircase to the Ecumenical Temple.
  3498 | Temple   | Entered the Ecumenical Temple
  4140 | D:5      | Entered Level 5 of the Dungeon
  4168 | D:5      | Reached skill level 5 in Unarmed Combat
  4168 | D:5      | Reached XP level 7. HP: 28/33 MP: 9/13
  4495 | D:5      | Found Kilomap's Armour Shoppe.
  5037 | D:6      | Gained mutation: You have razor-sharp teeth. [Vine Stalker
                  | growth]
  5037 | D:6      | Reached XP level 8. HP: 35/39 MP: 11/14
  5238 | D:6      | Reached skill level 6 in Unarmed Combat
  5532 | D:6      | Found a snail-covered altar of Cheibriados.
  5539 | D:6      | Became a worshipper of Cheibriados the Contemplative
  5654 | D:5      | HP: 1/39 [something (3)]
  5654 | D:5      | Slain by a sky beast

Skill      XL: |  1  2  3  4  5  6  7  8 |
---------------+-------------------------+-----
Fighting       | 1 2 |  2.0
Unarmed Combat | 4 5 6 |  6.2
Dodging        | 2 3 |  3.4
Stealth        | 1 3 |  3.4
Spellcasting   | 3 |  3.8
Armour         | 1 2 3 |  3.1
Shields        | 1 2 |  2.1
Transmutations | 3 |  3.5
Evocations     | |  0.3

Action                   |  1- 3 |  4- 6 |  7- 9 || total
-------------------------+-------+-------+-------++-------
Melee: Unarmed           |    90 |   236 |   205 ||   531
       Bite              |    15 |    59 |    36 ||   110
       Kick              |    10 |    33 |    21 ||    64
       Headbutt          |     7 |     3 |       ||    10
       Punch             |     1 |       |       ||     1
 Cast: Beastly Appendage |    15 |    21 |    12 ||    48
       Sticks to Snakes  |       |       |     1 ||     1
Evoke: Wand              |       |       |     3 ||     3
  Use: Potion            |     2 |       |       ||     2
       Scroll            |       |     2 |     7 ||     9
 Stab: Sleeping          |     3 |     1 |       ||     4
       Paralysed         |       |       |     7 ||     7
  Eat: Chunk             |     1 |     6 |     6 ||    13
       Ration            |     1 |       |       ||     1
Armor: Robe              |    12 |       |       ||    12
       Ring mail         |       |    65 |    82 ||   147
       Scale mail        |       |     2 |       ||     2
Dodge: Dodged            |    41 |   153 |   153 ||   347
Block: Buckler           |     5 |    52 |    58 ||   115
